 Dungeon Crawl Stone Soup version 0.20.1-1-g8b1a95d (webtiles) character file.

23 qnqnx the Ruffian (level 2, 0/23 HPs)
             Began as a Draconian Transmuter on Jan 8, 2018.
             Succumbed to an adder's poison
             ... on level 2 of the Dungeon.
             The game lasted 00:04:59 (825 turns).

qnqnx the Ruffian (Draconian Transmuter)             Turns: 825, Time: 00:05:00

Health: 0/23       AC:  4    Str: 12    XL:     2   Next: 75%
Magic:  2/5        EV: 12    Int: 13    God:
Gold:   34         SH:  0    Dex: 11    Spells: 2/5 levels left

rFire    . . .     SeeInvis .     - Unarmed
rCold    . . .     Gourm    .   (no shield)
rNeg     . . .     Faith    .   (armour unavailable)
rPois    .         Spirit   .   (helmet restricted)
rElec    .         Reflect  .   (no cloak)
rCorr    .         Harm     .   (no gloves)
MR       .....                  (no boots)
Stlth    +.........             (no amulet)
Regen    0.1/turn               (no ring)
MPRegen  0.1/turn               (no ring)

@: lethally poisoned (0 -> -10), very slightly contaminated, slowed, very slow
A: unfitting armour, cold-blooded, AC +4
a: no special abilities


You were on level 2 of the Dungeon.
You were not hungry.

You visited 1 branch of the dungeon, and saw 2 of its levels.

You collected 34 gold pieces.

Inventory:

Missiles
 a - 52 arrows
Jewellery
 j - an uncursed ring of protection from magic {unknown}
Scrolls
 e - a scroll of noise {unknown}
 g - a scroll of fog {unknown}
 k - a scroll of teleportation {unknown}
Potions
 h - a potion of ambrosia {unknown}
Books
 b - a book of Changes

   Spells                             Type                      Level
   a - Beastly Appendage              Transmutation                1
   b - Sticks to Snakes               Transmutation                2
   c - Spider Form                    Transmutation/Poison         3
   d - Ice Form                       Ice/Transmutation            4
   e - Blade Hands                    Transmutation                5
Comestibles
 c - a bread ration
 d - 3 fruits
 f - a royal jelly


   Skills:
 + Level 1.3 Fighting
 + Level 2.0 Dodging
 + Level 3.5 Unarmed Combat
 + Level 2.2 Spellcasting
 + Level 2.2 Transmutations


You had 2 spell levels left.
You knew the following spells:

 Your Spells              Type           Power        Failure   Level  Hunger
a - Beastly Appendage     Tmut           #.....       10%         1    ##.....
b - Sticks to Snakes      Tmut           #.......     16%         2    ###....


Dungeon Overview and Level Annotations

Branches:
Dungeon (2/15)

Altars:

Annotations:
D:2 Natasha


Innate Abilities, Weirdness & Mutations

Your plain brown scales are hard. (AC +4)
You cannot fit into any form of body armour.
You are cold-blooded and may be slowed by cold attacks.


Message History

You feel sick.
Natasha mumbles some strange words.
The adder misses you.
You feel sick. The adder bites you but does no damage. The adder misses you.
You feel sick. The adder bites you.
You are more poisoned.
The adder poisons you!
You feel sick. Natasha closely misses you. The adder bites you.
You are more poisoned.
The adder poisons you!
You feel sick.
Natasha stares at you and mumbles some strange words.
You resist with significant effort. The adder bites you.
You feel sick.
You feel sick. The adder bites you.
Natasha stares at you and mumbles some strange words.
The magic dart hits you!
* * * LOW HITPOINT WARNING * * *
You die...

...........####..##..#
..........## #w.#
..........# #..#
..........# #5.#
.........## #5.#
.....[...#
####l.######
..########
#...Sh.....# .#
#.........(#
#...@......#
#..........#
#..........#
#....<.....#
############


You could see a worm, Natasha, a crimson imp, an adder, a white imp and a
frilled lizard.

Vanquished Creatures
  2 dart slugs (D:1)
  A leopard gecko (D:1)
  2 giant cockroaches (D:1)
  2 goblins (D:1)
  2 hobgoblins (D:1)
  2 kobolds (D:1)
  6 bats (D:1)
  A rat (D:1)
18 creatures vanquished.

Vanquished Creatures (collateral kills)
  A kobold (D:1)
1 creature vanquished.

Grand Total: 19 creatures vanquished

Notes
Turn   | Place    | Note
-------+----------+-------------------------------------------
     0 | D:1      | qnqnx the Draconian Transmuter began the quest for the Orb.
     0 | D:1      | Reached XP level 1. HP: 16/16 MP: 3/3
   182 | D:1      | Reached XP level 2. HP: 23/23 MP: 5/5
   348 | D:1      | Learned a level 2 spell: Sticks to Snakes
   803 | D:2      | Noticed Natasha
   817 | D:2      | Noticed a crimson imp
   824 | D:2      | HP: 1/23 [Natasha/magic dart (7)]
   825 | D:2      | Succumbed to an adder's poison

Skill      XL: |  1  2 |
---------------+-------+-----
Dodging        | 2 |  2.0
Fighting       | |  1.3
Unarmed Combat | |  3.5
Spellcasting   | |  2.2
Transmutations | |  2.2

Action                   || total
-------------------------++-------
Melee: Unarmed           ||    64
       Kick              ||     5
       Tailslap          ||     5
       Headbutt          ||     1
       Punch             ||     1
 Cast: Beastly Appendage ||    11
       Sticks to Snakes  ||     2
  Use: Potion            ||     1
Armor: Skin              ||    20
Dodge: Dodged            ||    64
